 Dungeon Crawl Stone Soup version 0.26-a0-651-gb41185065b (webtiles) character file.

Game seed: 547989055124624587

391 gbos the Sneak (level 6, -8/44 HPs)
             Began as an Octopode Monk on Oct 28, 2020.
             Mangled by a gnoll
             ... wielding a +0 spear
              (11 damage)
             ... on level 3 of the Dungeon.
             The game lasted 00:01:55 (3689 turns).

gbos the Sneak (Octopode Monk)                      Turns: 3689, Time: 00:01:56

Health: -8/44      AC:  1    Str: 10    XL:     6   Next: 80%
Magic:  6/6        EV: 15    Int: 15    God:
Gold:   163        SH:  0    Dex: 14    Spells: 5/5 levels left

rFire    . . .     SeeInvis .     - Unarmed
rCold    . . .     Faith    .   (no shield)
rNeg     . . .     Spirit   .   (helmet restricted)
rPois    .         Reflect  .   (no amulet)
rElec    .         Harm     .   (no ring)
rCorr    .         Rampage  .   (no ring)
MR       .....                  (no ring)
Stlth    ++++......             (no ring)
HPRegen  0.14/turn              (no ring)
MPRegen  0.10/turn              (no ring)
                                (no ring)
                                (no ring)

@: no status effects
A: almost no armour, stealthy swim, amphibious, 8 rings, constrict 8, camouflage
1, gelatinous body 1
a: no special abilities


You were on level 3 of the Dungeon.
You visited 1 branch of the dungeon, and saw 3 of its levels.

You collected 163 gold pieces.


Innate Abilities, Weirdness & Mutations

You cannot wear most types of armour.
You are very stealthy in the water. (Stealth+)
You are amphibious.
You can wear up to eight rings at the same time.
You can use your tentacles to constrict eight enemies at once.
Your skin changes colour to match your surroundings (Stealth+).
Your rubbery body absorbs attacks. (AC +1, EV +1)


   Skills:
 + Level 4.5 Fighting
 + Level 4.4 Dodging
 + Level 5.5 Stealth
 + Level 4.4 Unarmed Combat


You had 5 spell levels left.
You didn't know any spells.
Your spell library was empty.

Inventory:

Missiles
 i - 5 javelins (quivered)
Scrolls
 b - 2 scrolls of identify {unknown}
 e - a scroll of fog {unknown}
 f - a scroll of amnesia {unknown}
 h - a scroll of blinking {unknown}
 j - a scroll of teleportation {unknown}
 k - a scroll of magic mapping {unknown}
 l - a scroll of enchant armour {unknown}
 n - a scroll of remove curse {unknown}
Potions
 a - a potion of haste {unknown}
 c - a potion of brilliance {unknown}
 d - 2 potions of heal wounds {unknown}
 g - a potion of ambrosia {unknown}
 m - a potion of mutation {unknown}

Dungeon Overview and Level Annotations

Branches:
Dungeon (3/15)

Altars:
Makhleb
Nemelex Xobeh
Ru

▒≈≈≈≈≈≈≈≈≈≈≈≈≈≈≈≈≈≈≈≈≈≈≈≈≈≈≈≈
▒≈≈≈≈≈≈≈≈≈▒▒▒▒▒≈≈≈≈≈≈≈≈≈≈≈≈≈≈
▒≈≈≈≈≈≈≈≈≈▒...▒▒▒▒▒▒▒▒▒▒▒▒▒▒▒
▒≈≈≈≈≈≈≈≈≈▒...▒..............
▒≈≈≈≈≈≈≈≈≈▒...▒..............
▒▒≈≈≈≈≈≈≈≈▒▒)▒▒..............
▒≈≈≈≈≈≈≈≈≈▒.(...(▒▒▒▒▒▒▒▒...
▒≈≈≈≈≈≈≈≈≈▒......▒ ▒...
▒▒≈≈≈≈≈≈≈≈▒x...((▒▒▒▒▒▒▒▒...
▒≈≈≈≈≈≈≈▒▒g▒▒.)(...........
▒▒≈≈≈≈≈≈▒ggK▒...((.(.......
▒≈≈≈≈≈≈▒ggK▒..............
▒▒≈≈≈≈≈▒££.▒▒▒▒▒▒▒▒▒▒▒▒▒▒▒
▒▒≈≈≈≈▒▒▒▒▒≈≈≈≈≈≈≈≈≈≈≈≈≈≈
▒▒▒▒≈≈≈≈≈≈≈≈≈≈≈≈≈≈≈≈≈≈≈≈
▒▒▒▒▒▒▒▒≈≈≈≈≈≈≈≈≈≈≈≈≈
▒▒▒▒▒▒▒▒▒▒▒▒▒▒


You could see a big kobold, a gnoll, 4 hobgoblins and a kobold.


Message History

You squeeze the big kobold.
You kill the big kobold!
The gnoll closely misses you. The gnoll misses you.
You see here a big kobold corpse.
You tentacle-slap the gnoll. You grab the gnoll.
The gnoll is lightly wounded.
You constrict the gnoll. The gnoll misses you.
You release your grip on the gnoll.
The gnoll hits you from afar with a +0 spear.
* * * LOW HITPOINT WARNING * * *
The gnoll hits you with a +0 spear!
* * * LOW HITPOINT WARNING * * *
You see here a big kobold corpse.
You are too injured to fight recklessly!
You barely miss the gnoll. You grab the gnoll.
The gnoll is lightly wounded.
You tentacle-slap the gnoll.
The gnoll is heavily wounded.
You constrict the gnoll. The gnoll hits you with a +0 spear!
* * * LOW HITPOINT WARNING * * *
You tentacle-slap the gnoll.
The gnoll is severely wounded.
You constrict the gnoll. The gnoll hits you with a +0 spear!
You die...

Action                   |  1- 3 |  4- 6 || total
-------------------------+-------+-------++-------
Melee: Unarmed           |    53 |   116 ||   169
       Constrict         |    11 |    35 ||    46
       Tentacles         |    11 |    20 ||    31
       Punch             |       |     3 ||     3
 Stab: Sleeping          |     8 |     2 ||    10
Armor: Skin              |     3 |     3 ||     6
Dodge: Dodged            |    32 |    67 ||    99

Levels and vault maps discovered:
D:1:      psy_arrival_fountain, layout_basic,
          wander_ebering_terrifying_dragon_lair
D:2:      layout_loops_ring, marbit_many_paths, lemuel_coloured_pillars_altar,
          nicolae_overflow_hidden_temple, bloody_makhleb
D:3:      minmay_goblin_kobold_castle, layout_loops_ring,
          okawaru_altar_gauntlet_db

Notes
Turn   | Place    | Note
-------+----------+-------------------------------------------
     0 | D:1      | gbos the Octopode Monk began the quest for the Orb.
     0 | D:1      | Reached XP level 1. HP: 16/16 MP: 1/1
   295 | D:1      | Reached skill level 3 in Stealth
   295 | D:1      | Reached XP level 2. HP: 21/21 MP: 2/2
   547 | D:2      | Found a burning altar of Makhleb.
   554 | D:2      | Reached XP level 3. HP: 9/26 MP: 3/3
   562 | D:2      | HP: 7/26 [poisoned by an adder]
   570 | D:2      | HP: 6/26 [poisoned by an adder]
  1580 | D:2      | Reached XP level 4. HP: 23/31 MP: 4/4
  2045 | D:2      | Found a sparkling altar of Nemelex Xobeh.
  2146 | D:2      | Found a sacrificial altar of Ru.
  2352 | D:3      | Reached skill level 4 in Stealth
  2522 | D:3      | HP: 9/33 [poisoned by an adder]
  2529 | D:3      | HP: 8/33 [poisoned by an adder]
  2537 | D:3      | HP: 7/33 [poisoned by an adder]
  2854 | D:3      | Noticed a big kobold
  2876 | D:3      | Killed a big kobold
  2876 | D:3      | Reached XP level 5. HP: 18/37 MP: 5/5
  2878 | D:3      | Reached skill level 4 in Fighting
  3276 | D:3      | Noticed a big kobold
  3300 | D:3      | Killed a big kobold
  3300 | D:3      | Reached skill level 4 in Dodging
  3300 | D:3      | Reached skill level 4 in Unarmed Combat
  3300 | D:3      | Reached XP level 6. HP: 34/43 MP: 6/6
  3580 | D:3      | Reached skill level 5 in Stealth
  3686 | D:3      | HP: 11/44 [gnoll/+0 spear (7)]
  3688 | D:3      | HP: 3/44 [gnoll/+0 spear (8)]
  3689 | D:3      | Mangled by a gnoll

Vanquished Creatures
  4 big kobolds (D:3)
  6 adders
  4 worms
  2 giant cockroaches
  4 goblins
  5 hobgoblins
  3 jackals (D:3)
  A ball python (D:3)
  4 bats
  3 frilled lizards
  21 kobolds
  3 rats
60 creatures vanquished.
